 Dungeon Crawl Stone Soup version 0.20-a0-792-g09bcfd3 (console) character file.

236 Grendel the Skirmisher (level 6, -5/47 HPs)
             Began as a Human Wanderer on Feb 28, 2017.
             Killed by nerve-wracking pain
             ... invoked by an orc priest
              (6 damage)
             ... on level 4 of the Dungeon.
             The game lasted 00:20:58 (2823 turns).

Grendel the Skirmisher (Human Wanderer)             Turns: 2823, Time: 00:20:59

Health: -5/47      AC:  5    Str: 14    XL:     6   Next: 27%
Magic:  8/8        EV: 11    Int: 17    God:
Gold:   281        SH:  0    Dex: 10    Spells: 7/8 levels left

rFire    . . .     SeeInvis .   m - +0 falchion (slice)
rCold    . . .     Gourm    .   e - +1 robe
rNeg     . . .     Faith    .   (no shield)
rPois    .         Spirit   .   (no helmet)
rElec    .         Reflect  .   (no cloak)
rCorr    .         Harm     .   (no gloves)
MR       .....                  (no boots)
Stlth    ++........             (no amulet)
Regen    0.2/turn               (no ring)
MPRegen  0.2/turn               (no ring)

@: flying
A: iridescent scales 1, clever 1, subdued magic 1
a: no special abilities


You were on level 4 of the Dungeon.
You were not hungry.

You visited 1 branch of the dungeon, and saw 4 of its levels.

You collected 281 gold pieces.

Inventory:

Hand Weapons
 a - a +0 mace
 b - a +0 hand crossbow
 f - a +0 dagger
 m - a +0 falchion of slicing (weapon)
 w - a +0 blowgun
Missiles
 c - 51 bolts
 l - 59 stones (quivered)
 x - 7 curare-tipped needles
Armour
 e - a +1 robe (worn)
Jewellery
 n - a cursed -3 ring of evasion {unknown}
 s - a +3 amulet of reflection {unknown}
 t - a +3 ring of protection {unknown}
Scrolls
 i - 3 scrolls of identify {unknown}
 q - 2 scrolls of blinking {unknown}
Potions
 p - a potion of magic
Books
 d - a book of Geomancy

   Spells                             Type                      Level
   a - Sandblast                      Earth                        1
   b - Passwall                       Transmutation/Earth          2
   c - Stone Arrow                    Conjuration/Earth            3
   d - Petrify                        Transmutation/Earth          4
   e - Lee's Rapid Deconstruction     Earth                        5
Comestibles
 g - 4 bread rations
 h - 2 meat rations
 j - 3 royal jellies


   Skills:
 + Level 3.1 Fighting
 - Level 2.4 Maces & Flails
 + Level 3.1 Crossbows
 + Level 1.1 Armour
 + Level 1.1 Dodging
 + Level 3.0 Stealth
 * Level 1.9 Spellcasting
   Level 2.0 Transmutations
   Level 1.0 Ice Magic
 + Level 0.6 Earth Magic


You had 7 spell levels left.
You knew the following spells:

 Your Spells              Type           Power        Failure   Level  Hunger
a - Sandblast             Erth           #.....       14%         1    #......


Dungeon Overview and Level Annotations

Branches:
Dungeon (4/15)             Temple (0/1) D:4

Altars:
Dithmenos
Fedhas
Gozag
Makhleb
Nemelex Xobeh
Okawaru
Trog
Uskayaw
Yredelemnul
Zin
The Shining One


Innate Abilities, Weirdness & Mutations

You are partially covered in iridescent scales. (AC +2)
Your mind is acute. (Int +2)
Your spells are a little easier to cast, but a little less powerful.


Message History

The orc priest hits you but does no damage.
You closely miss the orc priest.
The orc priest is severely wounded.
The orc priest barely misses you.
You riposte.
You closely miss the orc priest.
The orc priest is severely wounded.
The orc priest barely misses you.
You hit the orc priest but do no damage.
The orc priest is severely wounded.
The orc priest hits you with a short sword.
* * * LOW HITPOINT WARNING * * *
You barely miss the orc priest.
The orc priest is severely wounded.
The orc priest hits you with a short sword!
* * * LOW HITPOINT WARNING * * *
You hit the orc priest but do no damage.
The orc priest is severely wounded.
The orc priest closely misses you.
The orc priest calls down the wrath of Beogh upon you.
Pain shoots through your body!
You die...

##.# #...........
#.####.######...[.....
#.................)...
##'####.#######........
#.....# #........
#.....# #........
#####.# ########+ #.#
###.### ###'###
######⌠o@## #....#.>.##
..####⌠.⌠## # ###'###.#
..#####.###.#
.._____.___.#
##_____.___.#
#######..#...... #..#
##### ## #..# . .... .#


You could see an orc priest.

Vanquished Creatures
  A howler monkey (D:4)
  An orc wizard (D:4)
  An orc priest (D:3)
  5 adders
  An ooze (D:1)
  An adder skeleton (D:4)
  2 worms (D:2)
  2 dart slugs
  13 orcs
  A giant cockroach (D:3)
  6 goblins
  5 hobgoblins
  4 jackals (D:3)
  7 bats
  3 frilled lizards
  8 kobolds
  13 rats
74 creatures vanquished.

Notes
Turn   | Place    | Note
-------+----------+-------------------------------------------
     0 | D:1      | Grendel the Human Wanderer began the quest for the Orb.
     0 | D:1      | Grendel set off with: a book of Geomancy, a +0 hand crossbow, 26 bolts, a +0 mace, a +0 robe, a +0 dagger, a bread ration
     0 | D:1      | Reached XP level 1. HP: 16/16 MP: 1/1
    12 | D:1      | Reached XP level 2. HP: 22/22 MP: 2/2
    51 | D:1      | Learned a level 1 spell: Sandblast
   299 | D:1      | Reached XP level 3. HP: 28/28 MP: 3/3
   608 | D:2      | Reached skill level 1 in Crossbows
   737 | D:2      | Found a glowing silver altar of Zin.
   747 | D:2      | Reached XP level 4. HP: 34/34 MP: 4/4
  1378 | D:2      | Reached skill level 1 in Spellcasting
  1573 | D:2      | Found a glowing golden altar of the Shining One.
  1911 | D:3      | Gained mutation: Your spells are a little easier to cast, but a little less powerful. [potion of mutation]
  1911 | D:3      | Gained mutation: Your mind is acute. (Int +2) [potion of mutation]
  1911 | D:3      | Gained mutation: You are partially covered in iridescent scales. (AC +2) [potion of mutation]
  1916 | D:3      | Reached XP level 5. HP: 29/39 MP: 6/6
  2744 | D:4      | Reached skill level 1 in Dodging
  2744 | D:4      | Reached XP level 6. HP: 33/47 MP: 8/8
  2782 | D:4      | Found a staircase to the Ecumenical Temple.
  2787 | D:4      | Found a basalt altar of Yredelemnul.
  2787 | D:4      | Found a basalt altar of Yredelemnul.
  2787 | D:4      | Found a glowing golden altar of the Shining One.
  2787 | D:4      | Found a hide-covered altar of Uskayaw.
  2788 | D:4      | Found a blossoming altar of Fedhas.
  2788 | D:4      | Found a shadowy altar of Dithmenos.
  2789 | D:4      | Found a blossoming altar of Fedhas.
  2789 | D:4      | Found a hide-covered altar of Uskayaw.
  2789 | D:4      | Found an iron altar of Okawaru.
  2789 | D:4      | Found a shadowy altar of Dithmenos.
  2789 | D:4      | Found a hide-covered altar of Uskayaw.
  2789 | D:4      | Found a bloodstained altar of Trog.
  2789 | D:4      | Found a sparkling altar of Nemelex Xobeh.
  2789 | D:4      | Found a basalt altar of Yredelemnul.
  2789 | D:4      | Found an opulent altar of Gozag.
  2789 | D:4      | Found a burning altar of Makhleb.
  2822 | D:4      | HP: 1/47 [orc priest/short sword (7)]
  2823 | D:4      | Killed from afar by an orc priest

Vault maps used:
D:1:      minmay_arrival_checkered_box, hex_intersection,
          kennysheep_decorative_pillar
D:2:      lemuel_crystal_altar, tso_altar
D:3:      first_bread
D:4:      temple_doors_cd

Skill      XL: |  1  2  3  4  5 |
---------------+----------------+-----
Crossbows      | 1 2 3 |  3.1
Spellcasting   | 1 |  1.9
Fighting       | 3 |  3.1
Dodging        | 1 |  1.1
Stealth        | 3 |  3.0
Maces & Flails | |  2.4
Armour         | |  1.1
Transmutations | |  2.0
Ice Magic      | |  1.0
Earth Magic    | |  0.6

Action                   |  1- 3 |  4- 6 || total
-------------------------+-------+-------++-------
Melee: Mace              |    32 |    68 ||   100
       Falchion          |       |    26 ||    26
 Fire: Hand crossbow     |    31 |    39 ||    70
 Cast: Sandblast         |     4 |     1 ||     5
  Use: Potion            |       |     8 ||     8
       Scroll            |       |     4 ||     4
 Stab: Sleeping          |     3 |     4 ||     7
  Eat: Chunk             |       |     4 ||     4
       Meat ration       |       |     1 ||     1
Armor: Robe              |    10 |    27 ||    37
Dodge: Dodged            |    24 |    72 ||    96
       Rpst.: Falchion   |       |     7 ||     7
